 Dungeon Crawl Stone Soup version 0.22.1 (webtiles) character file.

503 Korosensei the Covert (level 7, 0/45 HPs)
             Began as an Octopode Assassin on Sept 18, 2018.
             Slain by an orc
             ... wielding a +0 morningstar
              (12 damage)
             ... on level 4 of the Dungeon.
             The game lasted 00:03:32 (2387 turns).

Korosensei the Covert (Octopode Assassin)           Turns: 2387, Time: 00:03:32

Health: 0/45       AC:  1    Str: 10    XL:     7   Next: 17%
Magic:  7/7        EV: 13    Int: 14    God:
Gold:   148        SH:  0    Dex: 15    Spells: 6/6 levels left

rFire    . . .     SeeInvis .   a - +2 dagger
rCold    . . .     Gourm    .   (no shield)
rNeg     . . .     Faith    .   (helmet restricted)
rPois    .         Spirit   .   (no amulet)
rElec    .         Reflect  .   (no ring)
rCorr    .         Harm     .   (no ring)
MR       .....                  (no ring)
Stlth    ++++++....             (no ring)
HPRegen  0.15/turn              (no ring)
MPRegen  0.10/turn              (no ring)
                                (no ring)
                                (no ring)

@: no status effects
A: almost no armour, stealthy swim, amphibious, 8 rings, constrict 8, camouflage
1, gelatinous body 1
a: no special abilities


You were on level 4 of the Dungeon.
You were not hungry.

You visited 1 branch of the dungeon, and saw 4 of its levels.

You collected 148 gold pieces.

Inventory:

Hand Weapons
 a - a +2 dagger (weapon)
 b - a +0 blowgun
Missiles
 c - 12 poisoned needles
 d - 2 curare-tipped needles
Scrolls
 e - 2 scrolls of magic mapping {unknown}
 h - a scroll of fear {unknown}
 i - a scroll of fog {unknown}
 k - 2 scrolls of blinking {unknown}
 m - 6 scrolls of teleportation {unknown}
 n - a scroll of identify {unknown}
Potions
 g - 3 potions of invisibility {unknown}
 j - a potion of brilliance {unknown}
 l - a potion of lignification {unknown}
Comestibles
 f - 5 rations
 o - 3 chunks of flesh


   Skills:
 - Level 2.0 Fighting
 - Level 2.0 Short Blades
 - Level 2.0 Throwing
 - Level 1.0 Dodging
 + Level 11.5 Stealth


You had 6 spell levels left.
You didn't know any spells.
Your spell library was empty.

Dungeon Overview and Level Annotations

Branches:
Dungeon (4/15)
 Temple: D:4-7

Altars:


Innate Abilities, Weirdness & Mutations

You cannot wear most types of armour.
You are very stealthy in the water. (Stealth+)
You are amphibious.
You can wear up to eight rings at the same time.
You can use your tentacles to constrict eight enemies at once.
Your skin changes colour to match your surroundings (Stealth+).
Your rubbery body absorbs attacks. (AC +1, EV +1)


Message History

The orc wizard hits you but does no damage.
The orc closely misses you.
You closely miss the orc wizard. You grab the orc wizard.
You constrict the orc wizard, but do no damage.
The orc wizard hits you with a dagger.
You barely miss the orc wizard. You squeeze the orc wizard.
The orc wizard is heavily wounded.
You constrict the orc wizard. The orc hits you with a morningstar.
The orc wizard points at you and mumbles some strange words.
The puff of flame hits you!
* * * LOW HITPOINT WARNING * * *
You are too injured to fight recklessly!
You are too injured to fight recklessly!
You are too injured to fight recklessly!
You hit the orc wizard.
The orc wizard is almost dead.
You constrict the orc wizard.
You kill the orc wizard!
The orc hits you with a morningstar!
You die...

#######.....# ...#
.+....#.....# .....#
.#....'.....# .....#
.#..<.#.....# .....#
.##...#.....# .....#
.##...#.....#####.....#
......#...............#
......######..........#
.###### #....@.....# .#
#...o).....# ..
#..........# ..
#..........# ..
#..........# +
#..........#
....######## .....


You could see an orc.

Vanquished Creatures
  A troll (D:4)
  A bullfrog skeleton (D:4)
  2 orc priests
  An orc wizard (D:4)
  A worker ant zombie (D:3)
  6 adders
  5 worms
  4 dart slugs
  2 leopard geckos
  13 orcs
  A ball python (D:3)
  6 bats
  3 giant cockroaches (D:3)
  4 goblins
  8 hobgoblins
  12 jackals
  A quokka (D:3)
  3 frilled lizards
  6 kobolds
  3 rats
83 creatures vanquished.

Notes
Turn   | Place    | Note
-------+----------+-------------------------------------------
     0 | D:1      | Korosensei the Octopode Assassin began the quest for the
                  | Orb.
     0 | D:1      | Reached XP level 1. HP: 14/14 MP: 1/1
    86 | D:1      | Reached skill level 6 in Stealth
    86 | D:1      | Reached XP level 2. HP: 14/19 MP: 2/2
   244 | D:1      | You fall through a shaft!
   315 | D:2      | Reached XP level 3. HP: 9/24 MP: 3/3
   325 | D:2      | Reached skill level 7 in Stealth
   800 | D:2      | Reached XP level 4. HP: 25/29 MP: 4/4
   834 | D:2      | Reached skill level 8 in Stealth
  1199 | D:3      | Reached XP level 5. HP: 19/34 MP: 5/5
  1212 | D:3      | Reached skill level 9 in Stealth
  2339 | D:4      | Noticed a troll
  2343 | D:4      | Reached XP level 6. HP: 31/39 MP: 6/6
  2347 | D:4      | Killed a troll
  2347 | D:4      | Reached skill level 11 in Stealth
  2347 | D:4      | Reached XP level 7. HP: 36/45 MP: 7/7
  2387 | D:4      | Slain by an orc

Skill      XL: |  1  2  3  4  5  6 |
---------------+-------------------+-----
Stealth        | 6 7 8 9 11 | 11.5
Fighting       | |  2.0
Short Blades   | |  2.0
Throwing       | |  2.0
Dodging        | |  1.0

Action                   |  1- 3 |  4- 6 |  7- 9 || total
-------------------------+-------+-------+-------++-------
Melee: Dagger            |    64 |   110 |    13 ||   187
       Constrict         |    14 |    24 |     3 ||    41
       Tentacles         |    13 |    15 |     4 ||    32
 Stab: Sleeping          |    10 |    18 |       ||    28
       Distracted        |       |     1 |       ||     1
  Eat: Chunk             |       |     4 |     1 ||     5
Armor: Skin              |       |     5 |     3 ||     8
Dodge: Dodged            |    32 |    62 |     7 ||   101
